 Dungeon Crawl Stone Soup version 0.30-a0-1043-g60ff8d5f49 (webtiles) character file.

Game seed: 14617117791194141255

155 jlumianski the Trooper (level 5, 0/42 HPs)
             Began as a Demonspawn Fighter on Apr 11, 2023.
             Succumbed to a water moccasin's poison
             ... in a sewer.
             The game lasted 00:05:53 (1598 turns).

jlumianski the Trooper (Demonspawn Fighter)         Turns: 1598, Time: 00:05:53

Health: 0/42       AC:  9    Str: 18    XL:     5   Next: 14%
Magic:  4/5        EV:  7    Int: 15    God:
Gold:   47         SH:  5    Dex: 17    Spells: 4/4 levels left

rFire   . . .      SeeInvis +    a - +0 war axe
rCold   . . .      Faith    .    c - +0 buckler
rNeg    . . .      Spirit   +    n - +0 chain mail
rPois   .          Reflect  .    (no helmet)
rElec   .          Rampage  .    (no cloak)
rCorr   .                        (no gloves)
Will    .....                    (no boots)
Stlth   +                        i - amulet of guardian spirit
HPRegen 0.27/turn                e - ring of see invisible
MPRegen 0.09/turn                m - +6 ring of intelligence

@: lethally poisoned (0 -> -23)
A: thin skeletal structure 2, demonic magic 1
a: no special abilities


You were in a sewer.
You visited 1 branch of the dungeon, and saw 3 of its levels.
You also visited: Sewer.

You collected 47 gold pieces.

Inventory:

Hand Weapons
 a - a +0 war axe (weapon)
 d - a +0 hand axe of venom
Missiles
 f - 4 poisoned darts (quivered)
 j - 11 stones
Armour
 b - a +0 scale mail
 c - a +0 buckler (worn)
 n - a +0 chain mail (worn)
Jewellery
 e - a ring of see invisible (left hand)
 i - an amulet of guardian spirit (around neck)
 m - a +6 ring of intelligence (right hand)
Potions
 g - a potion of degeneration
 h - a potion of haste
 k - a potion of heal wounds {unknown}
 o - a potion of mutation {unknown}


   Skills:
 + Level 3.7 Fighting
 + Level 3.2 Axes
 + Level 0.1 Throwing
 + Level 3.6 Armour
 + Level 0.9 Dodging
 + Level 0.1 Stealth
 + Level 2.9 Shields


You had 4 spell levels left.
You didn't know any spells.
Your spell library was empty.

Dungeon Overview and Level Annotations

Branches:
Dungeon (3/15)              Sewer (1/1)

Altars:
Yredelemnul

Annotations:
D:3 1 runed translucent door


Innate Abilities, Weirdness & Mutations

You have a moderately thin skeletal structure. (Dex +4, Stealth++)
Spells you cast may paralyse adjacent enemies.


Message History

The water moccasin bites you.
You are more poisoned.
The water moccasin poisons you!
You barely miss the water moccasin.
The water moccasin is moderately wounded.
You feel extremely sick. The water moccasin closely misses you.
The water moccasin bites you but does no damage.
You barely miss the water moccasin.
The water moccasin is moderately wounded.
You feel very sick. The water moccasin bites you!
* * * LOW HITPOINT WARNING * * *
You are more poisoned.
The water moccasin poisons you!
The water moccasin bites you but does no damage.
You are confused.
You feel invigorated.
* * * LOW HITPOINT WARNING * * *
You feel very sick. The water moccasin bites you.
* * * LOW HITPOINT WARNING * * *
You bump into the stone wall.
* * * LOW HITPOINT WARNING * * *
You feel very sick.
The water moccasin bites you but does no damage.
You closely miss the water moccasin.
The water moccasin is moderately wounded.
You feel less invigorated.
You feel less confused.
* * * LOW HITPOINT WARNING * * *
You feel very sick.
The water moccasin bites you but does no damage.
The water moccasin bites you.
* * * LOW HITPOINT WARNING * * *
You are more poisoned.
The water moccasin poisons you!
You closely miss the water moccasin.
The water moccasin is moderately wounded.
You die...

## ##
#??#(
(.#.# #~~~
##...##
#~.~~~#
#.~~.S##
#..@#
##~.##
#.~.#
##~~# #.
#~.# #..
#..# #~~#
##.~# #.~~
#.~.#
#.~###.~##


You could see a water moccasin.

Vanquished Creatures
  An ice beast (D:3)
  A human skeleton (D:3)
  An adder (D:2)
  3 orcs (D:3)
  3 ball pythons
  2 endoplasms (D:1)
  A giant cockroach (D:1)
  3 goblins
  A hobgoblin (D:3)
  3 jackals (Sewer)
  A quokka (D:1)
  A bat (D:3)
  4 frilled lizards
  2 goblin zombies (D:3)
  A kobold (D:1)
  4 rats
32 creatures vanquished.

Notes
Turn   | Place    | Note
-------+----------+-------------------------------------------
     0 | D:1      | jlumianski the Demonspawn Fighter began the quest for the
                  | Orb.
     0 | D:1      | Reached XP level 1. HP: 18/18 MP: 1/1
   195 | D:1      | Gained mutation: You have a somewhat thin skeletal
                  | structure. (Dex +2, Stealth+) [demonic ancestry]
   195 | D:1      | Reached XP level 2. HP: 24/24 MP: 2/2
   234 | D:1      | Found a faded altar of an unknown god.
   905 | D:3      | Reached XP level 3. HP: 29/29 MP: 3/3
   908 | D:3      | Found a runed translucent door.
   908 | D:3      | Noticed a human
   934 | D:3      | Found a basalt altar of Yredelemnul.
  1149 | D:3      | Noticed an ice beast
  1160 | D:3      | Killed an ice beast
  1161 | D:3      | Gained mutation: Spells you cast may paralyse adjacent
                  | enemies. [demonic ancestry]
  1161 | D:3      | Reached XP level 4. HP: 6/37 MP: 1/4
  1161 | D:3      | Gained mutation: You have a moderately thin skeletal
                  | structure. (Dex +4, Stealth++) [demonic ancestry]
  1161 | D:3      | Reached XP level 5. HP: 7/42 MP: 1/5
  1429 | D:3      | Found a glowing drain.
  1445 | Sewer    | Entered a sewer
  1587 | Sewer    | Noticed a water moccasin
  1598 | Sewer    | Succumbed to a water moccasin's poison

Illustrated notes

Levels and vault maps discovered:
D:1:      lightli_arrival_quake, layout_basic, basic_ecumenical_altar,
          st_stairs_1
D:2:      layout_basic, hangedman_decor_push
D:3:      layout_basic, dk_yredelemnul_ordeal, portal_sewer_entry_a, st_stairs_5
Sewer:    sewer_the_moccasin

Skill      XL: |  1  2  3 |
---------------+----------+-----
Axes           | 2 3 |  3.2
Armour         | 3 |  3.6
Fighting       | |  3.7
Throwing       | |  0.1
Dodging        | |  0.9
Stealth        | |  0.1
Shields        | |  2.9

Action                     |  1- 3 |  4- 6 || total
---------------------------+-------+-------++-------
  Melee: War axe           |    95 |    19 ||   114
  Throw: Dart              |     4 |     1 ||     5
    Use: Scroll            |     6 |     1 ||     7
         Potion            |     1 |     2 ||     3
 Armour: Scale mail        |    46 |       ||    46
         Chain mail        |     4 |    14 ||    18
  Dodge: Dodged            |    45 |     7 ||    52
  Block: Buckler           |    12 |     4 ||    16

Table legend: (Time is in decaauts)
 A = Elapsed time spent in this place.
 B = Non-inter-level travel time spent in this place.
 C = Inter-level travel time spent in this place.
 D = Time resting spent in this place.
 E = Time spent auto-exploring this place.
 F = Levels seen in this place.
 G = Mean time per level.
                   A        B        C        D        E       F      G
               +--------+--------+--------+--------+--------+-----+--------+
         Total |   1653 |   1636 |     17 |     81 |   1007 |   4 |  413.2 |
       Dungeon |   1491 |   1474 |     17 |      0 |    973 |   3 |  497.0 |
         Sewer |    161 |    161 |      0 |     81 |     34 |   1 |  161.0 |
               +--------+--------+--------+--------+--------+-----+--------+

Top non-repeatable levels by time:
     D:1: 811 daAuts
     D:3: 609 daAuts
   Sewer: 161 daAuts
     D:2: 70 daAuts
